[Event "Summer Prague Open-A 2022"]
[Site "Prague"]
[Date "2022.08.06"]
[Round "2.4"]
[White "Cernousek, Lukas"]
[Black "Sandvik, Thomas"]
[Result "1-0"]
[ECO "E04"]
[WhiteElo "2429"]
[BlackElo "2110"]
[Annotator "TA"]
[PlyCount "81"]
[EventDate "2022.08.05"]
[EventType "swiss"]
[EventCountry "CZE"]
[SourceTitle "playchess.com"]
[Source "ChessBase"]
[SourceQuality "1"]
[TimeControl "40/5400+30:1800+30"]

1. Nf3 Nf6 2. d4 d5 3. c4 e6 4. g3 dxc4 5. Bg2 c6 6. Ne5 Bb4+ (6... c5 {feels hotter.} 7. Be3 Nd5 8. Nc3 Nxe3 9. fxe3 Nd7) 7. Bd2 {[%emt 0:05:49] E04: Open Catalan: 5 Nf3.} Be7 8. e3 O-O 9. Nxc4 {[%emt 0:00:24] White has an edge.} Nbd7 10. O-O c5 11. dxc5 Nxc5 12. Ba5 {[%emt 0:12:31] [#]} Qxd1 $146 ({Predecessor:} 12... Qe8 13. Nc3 b6 14. Bxa8 Ba6 15. Bg2 Bxc4 16. Bb4 Bxf1 17. Qxf1 a5 18. Ba3 Ncd7 19. Bxe7 Qxe7 {½-½ (26) Plutarco,F (1643)-Kolasa,P (1950) LSS email 2017}) 13. Rxd1 Na6 (13... Bd7 $14) 14. Nc3 $16 Rb8 {[%emt 0:12:10] [#] And now ...b6 would win.} 15. Nb5 $1 Bc5 16. Ne5 {[%emt 0:00:58] Prevents Bd7.} Nd5 17. Rac1 f6 18. Nd3 ({Don't play} 18. Bxd5 exd5 19. Nd3 b6 $14) (18. Rxd5 $16 exd5 19. Bxd5+ Kh8 20. Nf7+ Kg8 21. Nbd6) 18... Bb6 (18... Nxe3 $1 $14 19. fxe3 (19. Nxc5 Nxd1 20. Nd3 b6 $11) 19... Bxe3+ 20. Nf2 Bxc1 21. Rxc1 b6) 19. Bxb6 $18 Nxb6 20. Nc5 (20. Nxa7 $18 {Strongly threatening b4.} e5 21. Nxc8 Rfxc8 22. Rxc8+ Nxc8 23. f4) 20... Nxc5 $16 21. Rxc5 Na4 22. Rc7 ({White should try} 22. Rc2 $18) 22... a6 23. Nc3 {[%emt 0:00:56] 0x0.00207b64f3dddp-1022s more active pieces. The black rooks are badly placed.} (23. Nd6 $142) 23... Nxc3 24. Rxc3 e5 25. Rc7 (25. Rd6 $16) 25... Bg4 ({Black should play} 25... Be6 $1 $14) 26. Rd6 Rbd8 27. Bd5+ Kh8 28. Rxd8 Rxd8 {[%emt 0:00:01] [#]} 29. Rxb7 $1 {[%emt 0:00:13][%cal Og1g2][%mdl 4096] Endgame KRB-KRB} h6 (29... h5 30. e4) 30. e4 Rc8 {[%emt 0:00:46] Threatens to win with ...Bf3.} 31. Kg2 {[%emt 0:00:23] Prevents Bf3+.} Rc5 32. Rb6 Bc8 (32... a5 $16 {is more resistant.} 33. Rb3 Rc2) 33. Kf3 (33. a4 $142) 33... Kh7 34. Ke3 Kg6 35. Kd2 Kg5 (35... a5 $142 36. a3 Bd7) 36. f3 $18 {[%emt 0:00:19] White is clearly winning.} h5 37. h4+ Kh6 38. b4 Rc7 39. Rc6 Rxc6 40. Bxc6 Be6 41. a4 {[%emt 0:31:35] Weighted Error Value: White=0.21 (precise) /Black=0.48} 1-0

[Event "Summer Prague Open-A 2022"]
[Site "Prague"]
[Date "2022.08.06"]
[Round "2.5"]
[White "Lahlum, Hans Olav"]
[Black "Lalic, Bogdan"]
[Result "1/2-1/2"]
[ECO "E32"]
[WhiteElo "2109"]
[BlackElo "2412"]
[Annotator "TA"]
[PlyCount "31"]
[EventDate "2022.08.05"]
[EventType "swiss"]
[EventCountry "CZE"]
[SourceTitle "playchess.com"]
[Source "ChessBase"]
[SourceQuality "1"]
[TimeControl "40/5400+30:1800+30"]

1. d4 Nf6 2. c4 e6 3. Nc3 Bb4 4. Qc2 b6 5. Bg5 Bb7 6. Nf3 h6 7. Bh4 g5 8. Bg3 {[%emt 0:00:15] The position is equal.} Bxc3+ {[%emt 0:07:25] E13: Queen's Indian/Nimzo-Indian hybrid: 4 Nc3 Bb7 5 Bg5 h6 6 Bh4 Bb4.} 9. Qxc3 Ne4 10. Qc2 d6 11. e3 Nd7 12. Bd3 f5 13. d5 Ndc5 14. Nd4 Qf6 {[%emt 0:03:15] [#] A balanced but interesting game.  Weighted Error Value: White=0.02 (flawless) /Black=0.06 (flawless)} {Predecessor:} 15. Nxe6 $146 Nxe6 16. Bxe4 {½-½ (16) Jianu,V (2401)-Mamedyarov,S (2580) Heraklion 2002} 1/2-1/2

[Event "Summer Prague Open-A 2022"]
[Site "Prague"]
[Date "2022.08.06"]
[Round "2.6"]
[White "Kowalec, Maciej"]
[Black "Lutsko, Artem"]
[Result "0-1"]
[ECO "A46"]
[WhiteElo "2104"]
[BlackElo "2392"]
[Annotator "TA"]
[PlyCount "92"]
[EventDate "2022.08.05"]
[EventType "swiss"]
[EventCountry "CZE"]
[SourceTitle "playchess.com"]
[Source "ChessBase"]
[SourceQuality "1"]
[TimeControl "40/5400+30:1800+30"]

1. d4 Nf6 2. Nf3 d5 3. c4 e6 4. cxd5 exd5 5. Nc3 c6 6. Bg5 Be7 7. e3 Bf5 8. Bd3 Bxd3 9. Qxd3 O-O 10. O-O Nbd7 11. Bxf6 Nxf6 12. Rab1 a5 {[%emt 0:02:41] D35: Queen's Gambit Declined: Exchange Variation.} 13. Rfc1 Re8 {[%emt 0:03:30] [#]} 14. Ne5 $146 ({Predecessor:} 14. Nd2 Bd6 15. Na4 Bxh2+ 16. Kxh2 Ng4+ 17. Kg3 h5 18. Qf5 Qd6+ 19. Qf4 Qg6 20. Kf3 {0-1 (27) Jiang,L (1378)-Tsuchie,P (1689) Osasco 2022}) 14... Bd6 {[%emt 0:04:42] Black has an edge.} 15. f4 Re7 16. Qf5 Ne8 17. Nd1 Bc7 18. Qh3 Nd6 19. g4 Qe8 20. b3 f6 21. Nd3 Qg6 22. N3f2 Rae8 {[%emt 0:10:20] [#] Threatens to win with ...Nf5.} 23. Qg2 h5 24. h3 Kf7 25. Rb2 Ne4 (25... Rxe3 $19 {And now ...Re1+ would win.} 26. Nxe3 Rxe3 27. gxh5 Qxg2+ 28. Kxg2 Nf5) 26. Nxe4 $17 Rxe4 27. Rf2 (27. b4 $142 Rxe3 28. Nxe3 Bxf4 29. Re1 Rxe3 30. Rxe3 Bxe3+ 31. Kh2) 27... Qh6 {[%emt 0:11:54] Black is more active.} (27... hxg4 $142 {Strongly threatening ...g3.} 28. Qxg4 Qxg4+ 29. hxg4 g5) 28. gxh5 Qxh5 29. Qg4 Qxg4+ 30. hxg4 g5 31. Nc3 Rxe3 32. fxg5 Rg3+ 33. Kf1 Bd8 ({Worse is} 33... Rxg4 34. Nxd5 Bg3 35. Nxf6 (35. Rxf6+ $2 Kg7 $19) 35... Bxf2 36. Kxf2 Rf4+ 37. Kg3 Rxf6 38. gxf6 $11) 34. gxf6 (34. Na4 $17) 34... Rxg4 $19 35. Ne2 Bxf6 36. Rc5 $2 (36. Rc3) 36... Rh8 {[%emt 0:00:27] [#] Hoping for ...Rh1+.} 37. Ke1 Ke7 38. Rf1 Rh2 39. Rc2 Re4 40. Kd1 Bxd4 41. Ng3 Rxc2 42. Kxc2 Rg4 43. Nf5+ Ke6 44. Nxd4+ Rxd4 45. Rf8 Kd6 46. Ra8 b6 {[%emt 0:00:00] Weighted Error Value: White=0.25 (precise) /Black=0.11 (very precise)} 0-1

[Event "Summer Prague Open-A 2022"]
[Site "Prague"]
[Date "2022.08.06"]
[Round "2.7"]
[White "Kambrath, Yannick"]
[Black "Schuran, Werner"]
[Result "1-0"]
[ECO "E73"]
[WhiteElo "2401"]
[BlackElo "2097"]
[Annotator "TA"]
[PlyCount "65"]
[EventDate "2022.08.05"]
[EventType "swiss"]
[EventCountry "CZE"]
[SourceTitle "playchess.com"]
[Source "ChessBase"]
[SourceQuality "1"]
[TimeControl "40/5400+30:1800+30"]

1. c4 Nf6 2. Nc3 g6 3. e4 d6 4. d4 Bg7 5. Be2 O-O 6. Bg5 Re8 7. Nf3 {[%emt 0:00:30] E73: King's Indian: Averbakh Variation without 6...c5.} Bg4 8. O-O Nbd7 {[%emt 0:01:45] [#]} 9. Rc1 $146 {[%emt 0:02:46] White is slightly better.} ({Predecessor:} 9. Qd2 Bxf3 10. Bxf3 e5 11. Bg4 exd4 12. Bxd7 dxc3 13. Qxc3 Nxd7 14. Bxd8 Bxc3 15. Bxc7 Bxb2 {0-1 (57) Kotarski,G (1478)-Grabarczyk,E (1400) Sokolka 2013}) 9... Bxf3 10. Bxf3 ({Reject} 10. gxf3 e5 $11) 10... c6 11. a3 Qc7 12. b4 e5 13. d5 c5 14. Na4 b6 15. Be3 h5 16. h3 Nf8 17. Nc3 Kh7 18. Qd2 Ng8 (18... Qe7 $16) 19. g4 h4 20. Bd1 f6 21. Ba4 Re7 22. bxc5 {[%emt 0:04:52] White is more active.} (22. f4 $142) 22... bxc5 $16 23. Bc6 {[%emt 0:01:09] A strong pair of Bishops.} Rb8 24. Rb1 f5 $2 {[%emt 0:03:21] [#] This costs Black the game.} (24... Rxb1 $16 {was worth a try.} 25. Rxb1 g5) 25. Rxb8 Qxb8 26. Rb1 Qc8 27. Bg5 fxg4 $2 (27... Bh6 28. Bxh6 Nxh6) 28. Bxe7 $18 gxh3 (28... Nxe7 $142 29. Qg5 Qd8 30. Qxh4+ Kg8 31. Qxg4 Bf6) 29. Qg5 Nxe7 30. Rb7 ({Don't blunder} 30. Qxe7 $2 Qg4+ 31. Kf1 h2 32. Qxh4+ Qxh4 $19) 30... Nxc6 31. dxc6 Ne6 32. Qxh4+ Kg8 33. Nd5 {[%emt 0:00:15] Weighted Error Value: White=0.12 (very precise) /Black=0.72} 1-0

[Event "Summer Prague Open-A 2022"]
[Site "Prague"]
[Date "2022.08.06"]
[Round "2.8"]
[White "Jordanov, Mihail"]
[Black "Weishaeutel, Moritz"]
[Result "1/2-1/2"]
[ECO "B76"]
[WhiteElo "2158"]
[BlackElo "2400"]
[Annotator "TA"]
[PlyCount "119"]
[EventDate "2022.08.05"]
[EventType "swiss"]
[EventCountry "CZE"]
[SourceTitle "playchess.com"]
[Source "ChessBase"]
[SourceQuality "1"]
[TimeControl "40/5400+30:1800+30"]

1. e4 c5 2. Nf3 d6 3. d4 cxd4 4. Nxd4 Nf6 5. Nc3 g6 6. Be3 Bg7 7. f3 O-O 8. Qd2 Nc6 9. O-O-O d5 10. Qe1 e5 11. Nxc6 bxc6 12. exd5 Nxd5 13. Bc4 Be6 14. Ne4 Qc7 15. Bc5 Rfd8 {[%emt 0:00:07] [#]} 16. g3 $146 {[%emt 0:12:19] B76: Sicilian Dragon: Yugoslav Attack, 9 g4 and 9 0-0-0.} ({Predecessor:} 16. Qh4 h6 17. g4 Nf4 18. Bxe6 Rxd1+ 19. Rxd1 Nxe6 20. Be3 Nf4 21. Nf6+ Bxf6 22. Qxf6 Re8 23. Qd6 Ne2+ 24. Kb1 {0-1 (49) Shahade,G (2476)-Jones,G (2677) Chess.com INT 2021}) 16... f5 17. Ng5 Bc8 18. h4 {[%emt 0:09:48] The position is equal.} h6 19. Nh3 Be6 20. Nf2 Qf7 21. Qa5 Rd7 22. Rhe1 Rb7 (22... Nf6 $14 23. Bxe6 Qxe6) 23. Bb3 Nc7 {[%emt 0:17:22] [#]} 24. Bd6 $1 {[%emt 0:06:27] White is much more active.} Bxb3 25. axb3 Ne6 (25... Re8 $16 {keeps fighting.}) 26. Bxe5 (26. Qa4 $18) 26... Rb5 $16 27. Qc3 Rc5 28. Bxg7 Rxc3 29. Bxc3 c5 30. Nd3 Rd8 31. Nxc5 Rxd1+ $11 32. Rxd1 {[%emt 0:00:07] Strongly threatening Nd7.} Qe7 (32... Nxc5 $2 33. Rd8+ Qf8 34. Rxf8+ Kxf8 35. Bb4 $18) 33. Nd7 {[%emt 0:01:11] And now Nf6+ would win.} Nf8 $1 34. Nf6+ (34. Ne5 $16) 34... Kf7 35. Nd5 Qb7 (35... Qc5 $1 $11 {keeps the balance.}) 36. f4 (36. b4 $16) 36... Nd7 $14 37. b4 Nb6 38. Nxb6 axb6 {[%emt 0:01:24][%mdl 4096] Endgame KQ-KRB} 39. Kb1 Qg2 40. Rd7+ Ke6 41. Rd3 b5 42. b3 Qf2 43. Be5 Kf7 44. Kb2 Ke7 {[%emt 0:00:00] [#]} (44... h5 $14) 45. Bd6+ (45. Rd5 $1 $18 ) 45... Kf6 46. Bc5 Qg2 47. Rd6+ Kf7 48. Rd7+ Kg8 (48... Ke6 $5 49. Rd3 Kf7 $14) 49. Rd3 Kf7 50. Re3 Kf6 51. Bd4+ Kf7 52. Be5 Qd2 53. Rd3 Qg2 54. Rd7+ Ke8 55. Rd3 Kf7 56. Rc3 Qf2 57. Rc7+ Ke8 $1 58. Rc3 Kf7 59. Rc7+ Ke8 $1 60. Rc3 {[%emt 0:00:05] Black defended with fortune.  Weighted Error Value: White=0.21 (precise) /Black=0.19 (very precise)} 1/2-1/2

[Event "Summer Prague Open-A 2022"]
[Site "Prague"]
[Date "2022.08.06"]
[Round "2.9"]
[White "Zamengo, Fulvio"]
[Black "Philipp, Mathias"]
[Result "0-1"]
[ECO "B34"]
[WhiteElo "2396"]
[BlackElo "2092"]
[Annotator "TA"]
[PlyCount "118"]
[EventDate "2022.08.05"]
[EventType "swiss"]
[EventCountry "CZE"]
[SourceTitle "playchess.com"]
[Source "ChessBase"]
[SourceQuality "1"]
[TimeControl "40/5400+30:1800+30"]

1. e4 c5 2. Nf3 Nc6 3. d4 cxd4 4. Nxd4 Nf6 5. Nc3 e5 6. Ndb5 d6 7. Nd5 Nxd5 8. exd5 Ne7 9. c4 Ng6 10. Qa4 Bd7 11. Qb4 Bf5 {[%emt 0:01:23] B33: Sicilian: Pelikan and Sveshnikov Variations.} 12. Be3 (12. Bg5 $5 Qxg5 13. Nc7+ Kd8 14. Nxa8 $11) 12... a6 13. Nc3 Be7 {[%emt 0:00:16] [#] The position is equal.} 14. O-O-O $146 ({Predecessor:} 14. g3 O-O 15. h4 e4 16. Be2 Ne5 17. c5 dxc5 18. Bxc5 a5 19. Qa3 Re8 20. Bxe7 Rxe7 {1-0 (62) Pichot,A (2630)-Horvath,D (2469) Chess.com INT 2021}) 14... O-O 15. Bd3 (15. Qxb7 $11 Bg5 16. Qc6) 15... Bxd3 $15 16. Rxd3 Qc7 (16... Qd7 $17) 17. Bb6 Qd7 18. g3 {[%emt 0:00:09] Prevents Nf4.} Qf5 19. Rd2 Rac8 {[%emt 0:05:39] Black wants to play ...e4.} 20. Re1 {[%emt 0:06:25] Against e4} Qg4 21. b3 f5 22. Kc2 Rf7 23. Qa4 Bg5 $36 {[%emt 0:04:10][%cal Be7g5,Bg5f6,Bf6e5][%mdl 2080] Black has some pressure.} 24. Rde2 (24. f4 $2 exf4 25. gxf4 (25. Re8+ $2 Rxe8 26. Qxe8+ Nf8 $17) 25... Bxf4 26. Re8+ Rxe8 27. Qxe8+ Nf8 $19) 24... Bf6 (24... Qf3 {is interesting.} 25. h4 Bf6 26. Rd2 e4) 25. Qa3 Rd7 26. Qc1 ({White should try} 26. Rd2 $15) 26... e4 $17 27. f4 (27. h4 $17) 27... exf3 $1 $19 (27... Qf3 28. Qd2 $14) 28. Re6 Be5 29. Qe3 Rf8 (29... f4 $19 30. Qe4 Qh5) 30. Rf1 $17 f4 $1 31. Qe4 (31. Qxf3 $17 {is the only way for White.} Qxf3 32. Rxf3) 31... Qh5 32. Bg1 $2 (32. g4 Qxh2+ 33. Rf2) 32... fxg3 $19 33. hxg3 Qh3 34. Qd3 Qxg3 35. Be3 Nf4 36. Bxf4 Rxf4 37. Nd1 Qg5 38. b4 (38. Re8+ $142 Kf7 39. Re6) 38... Rc7 39. c5 Rxb4 40. c6 bxc6 41. Re8+ Kf7 42. Rxe5 dxe5 ({Not} 42... Qxe5 43. Qxf3+ Kg6 44. Rg1+ Kh6 45. Rh1+ Kg6 46. Rg1+ Kh6 47. Rh1+ Kg6 48. Rg1+ $11) (42... cxd5+ $142 43. Nc3 Qxe5 44. Rxf3+ Ke6) 43. d6 Rd7 {[%emt 0:00:47] And now ...e4 would win.} 44. Rxf3+ Rf4 {[%emt 0:01:49] aiming for ...Qg2+.} 45. Qb3+ Kf6 {[%emt 0:01:11] Hoping for ...Qg2+.} 46. Rd3 e4 47. Rc3 Rxd6 48. Qb8 {[%emt 0:03:42] [#]} Re6 (48... Rd2+ $142 $3 49. Kc1 {[#]} Rxd1+ $1 50. Kxd1 Qg1+ 51. Kc2 Rf2+ 52. Kb3 Qb1+ 53. Ka4 Qxb8 54. Rxc6+ Ke7 55. Rc7+ Qxc7 56. Kb3 Rc2 57. Kb4 Qc4+ 58. Ka5 Qb5#) 49. a4 Rf3 {[%emt 0:02:11] ...e3 is the strong threat.} 50. Qd8+ Kg6 51. Qc8 Rxc3+ 52. Nxc3 {[%emt 0:00:06] KQR-KQN} Qe5 (52... Qf5 $142 53. Qxa6 e3+ 54. Kb2 e2 55. Nxe2 Qf2 56. Qd3+ Kf7 57. Kb3 Rxe2 58. Qd7+ Re7 59. Qxc6 Re3+ 60. Kc4 Qe2+ 61. Kb4 Qe1+ 62. Kb5 Re5+ 63. Ka6 Re6 64. Kb7 Rxc6 65. Kxc6 Ke6 66. Kc5 Qc3+ 67. Kb5 Kd6 68. a5 Qb3+ 69. Ka6 Kc7 70. Ka7 Qb7#) 53. Qxa6 e3 {[%emt 0:00:16] ( -> ...e2)} 54. Qe2 h5 {[%emt 0:01:01] Black mates.} 55. Kb3 Rd6 56. Qg2+ Kh6 57. a5 Qxa5 58. Qe4 Qg5 59. Qe8 Rd8 {[%emt 0:01:11] Weighted Error Value: White=0.68/Black=0.49} (59... Qf4 $142 60. Qh8+ Kg6 61. Qb8 Qf7+ 62. Kb4 Rd4+ 63. Ka3 Rd3 64. Kb4 e2 65. Qe5 Qb7+ 66. Kc5 Qa7+ 67. Kc4 Qa6+ 68. Kb3 Qb5+ 69. Qxb5 Rxc3+ 70. Kxc3 e1=Q+ 71. Kd3 cxb5 72. Kd4 h4 73. Kc5 h3 74. Kxb5 h2 75. Kc4 h1=Q 76. Kb3 Qd5+ 77. Kc2 Qed2+ 78. Kb1 Qh1#) 0-1

[Event "Summer Prague Open-A 2022"]
[Site "Prague"]
[Date "2022.08.06"]
[Round "2.11"]
[White "Hollan, Martin"]
[Black "Bonassi, Tommaso"]
[Result "1-0"]
[ECO "B52"]
[WhiteElo "2399"]
[BlackElo "2087"]
[Annotator "TA"]
[PlyCount "63"]
[EventDate "2022.08.05"]
[EventType "swiss"]
[EventCountry "CZE"]
[SourceTitle "playchess.com"]
[Source "ChessBase"]
[SourceQuality "1"]
[TimeControl "40/5400+30:1800+30"]

1. e4 c5 2. Nf3 d6 3. Bb5+ Bd7 4. Bxd7+ Nxd7 5. O-O Ngf6 6. Qe2 e6 7. b3 Be7 8. Bb2 O-O 9. d4 cxd4 10. Nxd4 a6 11. c4 Rc8 {[%emt 0:00:15] Recently 11...Qa5 got a lot of attention.} 12. Nc3 Qa5 13. Rfd1 {B52: Sicilian: Moscow Variation with 3...Bd7.} Qg5 {[%emt 0:14:53] [#]} 14. Kh1 $146 ({Predecessor:} 14. Rac1 Nh5 15. Nf3 Qg6 16. Ba3 Nf4 17. Qf1 Nc5 18. Kh1 Nxe4 19. Nxe4 Qxe4 20. Bxd6 Bxd6 21. Rxd6 {½-½ (47) Estrada Nieto,J (2395)-El Ghazali,Y (2385) Cairo 1998}) 14... Ne5 15. g3 {[%emt 0:06:24] [#] Strongly threatening f4. White has an edge.} Nc6 16. Nxc6 Rxc6 17. f3 Bd8 18. Rd3 Bc7 19. Rad1 Qa5 20. a4 Nd7 21. Ba3 Ne5 (21... Qb6 $14) 22. Re3 (22. b4 $16 Qb6 23. Rd4) 22... Bb8 (22... Qb6 $1 $14) 23. f4 $16 {[%emt 0:01:33] Threatens to win with b4.} Ng6 24. Red3 {[%emt 0:02:48] White is more active.} Re8 25. Nb1 (25. Qe3 $142) 25... Qb6 26. Nd2 Nf8 27. Nf3 Nd7 (27... Rcc8 $16) 28. e5 $18 dxe5 $2 (28... Rcc8 29. Bxd6 h6) 29. Rxd7 {[%emt 0:01:04] And now Ng5 would win.} exf4 30. Ng5 {[%emt 0:01:26] Qh5 would kill now.} Rc7 31. Qh5 Qc6+ {[%emt 0:00:11] [#]} 32. R1d5 $3 {[%emt 0:00:23][%mdl 512] Weighted Error Value: White=0.16 (very precise) /Black=0.90} 1-0

[Event "Summer Prague Open-A 2022"]
[Site "Prague"]
[Date "2022.08.06"]
[Round "2.12"]
[White "Dette, Jan"]
[Black "Meissner, Felix"]
[Result "0-1"]
[ECO "B91"]
[WhiteElo "2078"]
[BlackElo "2381"]
[Annotator "TA"]
[PlyCount "80"]
[EventDate "2022.08.05"]
[EventType "swiss"]
[EventCountry "CZE"]
[SourceTitle "playchess.com"]
[Source "ChessBase"]
[SourceQuality "1"]
[TimeControl "40/5400+30:1800+30"]

1. e4 c5 2. Nf3 d6 3. d4 cxd4 4. Nxd4 Nf6 5. Nc3 a6 6. g3 e5 7. Nf3 {[%emt 0:00:05][%cal Bd4f3,Bf3h4,Bh4g2,Bg2e3][%mdl 32] B91: Sicilian Najdorf: 6 g3.} Be7 8. Nh4 O-O 9. Ng2 {[%emt 0:00:06] The position is equal.} Nc6 10. Ne3 Nd4 11. Bg2 Be6 12. O-O Rc8 13. Ncd5 Nxd5 14. exd5 Bd7 15. a4 Nf5 {[%emt 0:07:22] [#]} 16. Qd3 $146 ({Predecessor:} 16. a5 Bg5 17. Nxf5 Bxf5 18. Bxg5 Qxg5 19. c3 Qe7 20. Qd2 Bd7 {½-½ (20) Noetzel,F-Schmitz,T Germany 1991}) 16... Nxe3 17. Bxe3 b5 18. b3 f5 19. axb5 axb5 20. Ra7 Bf6 21. Qd2 Rf7 22. Qb4 Qf8 23. Ra6 Be7 24. f4 (24. Ra7 $5 Bf6 25. Rc1 $11) 24... Rxc2 25. fxe5 (25. Rfa1 $11 {keeps the balance.}) 25... Bc8 $2 {[%emt 0:05:22] [#]} (25... dxe5 $17 {stays on course.} 26. d6 Qc8) 26. e6 (26. Rb6 $1 $16 {Threatens to win with e6.} dxe5 27. d6) 26... Bxa6 $11 27. exf7+ Qxf7 28. Be4 Re2 $36 {[%emt 0:02:11][%mdl 2048] Black has good play.} 29. Rxf5 Bf6 30. Bg5 (30. Bf2 $11) 30... Qe8 (30... Bc8 $142 31. Rf1 Qa7+ 32. Kh1 Bh3 33. Qxd6 Bxf1 34. Qe6+ Qf7 35. Qxf7+ Kxf7 36. Bxf6 gxf6) 31. Bf3 (31. Bxf6 {was the only defense.} Rxe4 32. Bd4 (32. Qxd6 Re1+ 33. Kg2 Qe4+ 34. Kh3 Qxf5+ 35. g4 Re3+)) 31... Bxg5 $19 32. Bxe2 Qxe2 33. Qxd6 {[%emt 0:01:27][%csl Gd6][%cal Rf5f8] [#]} Be3+ $1 34. Kh1 Qd1+ 35. Kg2 Qc2+ 36. Kf3 Qxf5+ 37. Kxe3 Bc8 38. Qc7 (38. Qb8 $142) 38... Bd7 ({Don't blunder} 38... Qg5+ $2 39. Kd4 Qd2+ 40. Kc5 Qe3+ 41. Kd6 $19) 39. Kd4 Qf2+ 40. Kc3 Qe3+ {[%emt 0:01:25] Weighted Error Value: White=0.49/Black=0.21 (precise)} 0-1

[Event "Summer Prague Open-A 2022"]
[Site "Prague"]
[Date "2022.08.06"]
[Round "2.13"]
[White "Roubalik, Jakub"]
[Black "Valkova, Angelika"]
[Result "1/2-1/2"]
[ECO "D36"]
[WhiteElo "2380"]
[BlackElo "2075"]
[Annotator "TA"]
[PlyCount "70"]
[EventDate "2022.08.05"]
[EventType "swiss"]
[EventCountry "CZE"]
[SourceTitle "playchess.com"]
[Source "ChessBase"]
[SourceQuality "1"]
[TimeControl "40/5400+30:1800+30"]

1. c4 e6 2. Nc3 d5 3. cxd5 exd5 4. d4 Nf6 5. Bg5 c6 6. Qc2 h6 7. Bh4 {[%emt 0:00:27] D36: Queen's Gambit Declined: Exchange Variation: Main line (5 Bg5 c6 6 Qc2).} g6 8. e3 Bf5 9. Qb3 {[%emt 0:02:02] White has an edge.} g5 10. Bg3 Qb6 11. f3 Nbd7 12. Nge2 {[%emt 0:02:20] [#]} Bg7 $146 ({Predecessor:} 12... Qxb3 13. axb3 a6 14. Kd2 Bg7 15. Bd6 Bg6 16. Na4 Bf8 17. Bxf8 Kxf8 18. b4 Kg7 19. Nc1 Rhe8 {0-1 (33) Arutinian,D (2577)-Zhang,Z (2414) Qinhuangdao 2011}) 13. Bd6 Bf8 14. Bxf8 Kxf8 15. Ng3 Bg6 16. Be2 Kg7 17. Kf2 Rae8 18. Rad1 Qxb3 19. axb3 Bc2 20. Ra1 a6 ({Don't take} 20... Bxb3 21. Nf5+ (21. Rxa7 Bc2 $16) 21... Kh7 22. h4 $16 (22. Rxa7 Bc2 $16)) 21. b4 Nb6 22. Ra3 Nc8 23. Na4 Nd6 24. Nc5 Re7 25. Rc3 Bg6 26. h4 g4 27. h5 Bh7 28. Ra3 gxf3 29. gxf3 Rhe8 30. Rc3 Kh8 31. Rh4 Rg8 32. Rf4 Nde8 {[%emt 0:03:49][%cal Og8g3] Threatens to win with ...Rxg3!} 33. Rh4 {[%emt 0:03:21] Active counter play!} Nd6 34. Rf4 Nde8 {[%emt 0:00:05][%cal Og8g3] White must now prevent ...Rxg3!} 35. Rh4 Nd6 {[%emt 0:00:14] Weighted Error Value: White=0.09 (flawless) /Black=0.09 (flawless)} 1/2-1/2